Map: 16-Bit LE

Players

Must - Winner!

  • Race: Zerg Zerg
  • Spawn Location: 7:00

VOD

Have the link to the VOD?

Description

Time

  • Played on: July 19, 2018, 3:23 p.m.
  • Length: 15:22
Show
View Real Time Build Order
Export as new Build Order

Must Zerg - Winner!

Build Orders:  

Get SALT Encoding   

  12  0:01  Drone  
  13  0:27  Overlord  
  13  0:28  Drone  
  14  1:06  Drone  
  15  1:10  Hatchery  
  15  1:12  Drone  
  15  1:37  Spawning Pool  
  14  1:41  Drone  
  14  1:46  Drone  
  16  1:55  Drone, Extractor  
  16  2:02  Drone  
  17  2:14  Drone  
  18  2:27  Drone  
  19  2:43  Queen  
  19  2:45  Drone  
  22  2:50  Queen  
  24  3:01  Drone x2  
  26  3:11  Overlord  
  26  3:29  Roach Warren  
  25  3:32  Drone  
  25  3:38  Drone  
  25  3:39  Drone  
  28  3:44  Drone  
  28  3:49  Drone  
  30  3:56  Zergling x2  
  30  3:58  Drone  
  32  4:06  Extractor  
  31  4:10  Drone  
  32  4:20  Overlord  
  32  4:21  Overlord  
  32  4:45  Queen  
  32  4:47  Drone x6  
  40  4:51  Drone  
  41  5:20  Lair  
  41  5:24  Drone x2  
  41  5:27  Zergling x2  
  44  5:33  Overlord  
  44  5:56  Extractor  
  43  6:02  Drone x7  
  43  6:03  Drone x2  
  52  6:21  Glial Reconstitution  
  52  6:36  Spine Crawler  
  51  6:42  Overlord x2  
  51  6:46  Overlord  
  51  6:59  Roach  
  51  7:07  Roach x2  
  51  7:08  Roach x6  
  67  7:24  Spine Crawler  
  67  7:26  Roach  
  67  7:27  Roach  
  67  7:28  Hatchery, Spine Crawler  
  68  7:37  Roach x3  
  74  7:43  Overlord x2  
  73  8:37  Roach  
  73  8:38  Roach  
  73  8:39  Roach x7  
  91  9:08  Queen  
  97  9:42  Overlord x2  
  97  10:02  Overlord  
  97  10:03  Overlord  
  101  10:11  Roach x6  
  101  10:18  Overlord x2  
  113  10:38  Roach  
  113  10:39  Roach x7  
  129  10:42  Overlord  
  129  10:43  Overlord  
  114  11:14  Roach  
  114  11:15  Roach  
  114  11:16  Roach x7  
  125  11:59  Roach  
  125  12:00  Roach x8  
  139  12:37  Roach x7  
  148  12:45  Drone  
  149  12:50  Overlord, Extractor  
  152  13:07  Overlord  
  152  13:08  Overlord x2  
  155  13:42  Hatchery  
  155  13:45  Hatchery  
  153  14:08  Drone x2  
  153  14:09  Drone x17  
  172  14:31  Extractor  
  172  14:32  Extractor  
  172  14:38  Roach x3  
  172  14:39  Roach x2  
Tags
 
Matchup
Co-op
Add a new tag
Caveats
  • Supply blocks, unpowered buildings, or Contaminate may cause inaccurate times.
  • Supply counts are checked every 10 seconds.